 Dungeon Crawl Stone Soup version 0.28-a0-863-g8cecda6153 (webtiles) character file.

Game seed: 9782737071199940017

27 mandarbmax the Stinger (level 2, 0/19 HPs)
             Began as a Demonspawn Venom Mage on Nov 17, 2021.
             Succumbed to an adder's poison
             ... on level 1 of the Dungeon.
             The game lasted 00:02:28 (1198 turns).

mandarbmax the Stinger (Demonspawn Venom Mage)      Turns: 1198, Time: 00:02:29

Health: 0/19       AC:  5    Str:  8    XL:     2   Next: 93%
Magic:  0/5        EV: 12    Int: 16    God:
Gold:   49         SH:  0    Dex: 13    Spells: 2/5 levels left

rFire   . . .      SeeInvis .   (no weapon)
rCold   . . .      Faith    .   (no shield)
rNeg    . . .      Spirit   .   a - +0 robe
rPois   .          Reflect  .   (no helmet)
rElec   .          Harm     .   d - +2 cloak
rCorr   .          Rampage  .   (no gloves)
Will    .....                   (no boots)
Stlth   ++........              (no amulet)
HPRegen 0.06/turn               (no ring)
MPRegen 0.09/turn               (no ring)

@: brilliant, lethally poisoned (0 -> -7)
A: foul stench 1
a: no special abilities


You were on level 1 of the Dungeon.
You visited 1 branch of the dungeon, and saw 2 of its levels.

You collected 49 gold pieces.

Inventory:

Armour
 a - a +0 robe (worn)
 d - a +2 cloak (worn)


   Skills:
 - Level 2.0 Dodging
 - Level 1.7 Stealth
 - Level 2.0 Spellcasting
 - Level 1.0 Transmutations
 + Level 4.0 Poison Magic


You had 2 spell levels left.
You knew the following spells:

 Your Spells              Type           Power      Damage    Failure   Level
a - Sting                 Tmut/Pois      56%        1d5       8%          1
b - Poisonous Vapours     Pois/Air       24%        N/A       14%         2

Your spell library contained the following spells:

 Spells                   Type           Power      Damage    Failure   Level
 Mephitic Cloud           Conj/Pois/Air  8%         N/A       34%         3
 Olgreb's Toxic Radiance  Pois           21%        N/A       36%         4


Dungeon Overview and Level Annotations

Branches:
Dungeon (2/15)

Altars:


Innate Abilities, Weirdness & Mutations

You may rarely emit foul miasma when damaged in melee.


Message History

You barely miss the adder.
The adder is lightly wounded.
You feel sick. The adder barely misses you. The adder misses you.
You closely miss the adder.
The adder is lightly wounded.
You feel sick. The adder misses you.
You hit the adder.
The adder is moderately wounded.
You feel sick. The adder bites you but does no damage.
Casting: Sting (safe; 8% risk of failure)
Confirm with . or Enter, or press ? or * to list all spells.
Aiming: Sting (safe; 8% risk of failure)
Press: ? - help, Shift-Dir - straight line, f/p - adder
Aim: an adder (moderately wounded, 53% to hit)
You feel a surge of power!
The sting hits the adder.
The adder is poisoned.
The adder is heavily wounded.
You feel sick. The adder bites you.
Unknown command.
Unknown command.
You completely miss the adder.
The adder is heavily wounded.
You feel sick.
You are no longer poisoned.
The adder barely misses you. The adder bites you.
You miss the adder.
The adder is heavily wounded.
The adder bites you but does no damage.
You miss the adder.
The adder is heavily wounded.
The adder barely misses you.
You miss the adder.
The adder is severely wounded.
The adder bites you.
* * * LOW HITPOINT WARNING * * *
You are lethally poisoned!
The adder poisons you! The adder bites you.
* * * LOW HITPOINT WARNING * * *
You miss the adder.
The adder is severely wounded.
You die...

.#........#
.#.....##.########
.#.....##........#
.#.....##..#####.#
.#.....##..#####.#
.#.............#.#
.......##..###.#.#
.###.........#...#
........).)....S@#
.#.........#.#...#
...#########.#.###
.......# #...#
...###.# #.###
...###.#####.#
..........##.#
.............#
........#.####


You could see an adder (poisoned).

Vanquished Creatures
  A dart slug (D:1)
  2 ball pythons (D:1)
  An endoplasm (D:1)
  5 goblins (D:1)
  2 hobgoblins (D:1)
  4 jackals (D:1)
  4 bats (D:1)
  A frilled lizard (D:1)
  A rat (D:1)
21 creatures vanquished.

Notes
Turn   | Place    | Note
-------+----------+-------------------------------------------
     0 | D:1      | mandarbmax the Demonspawn Venom Mage began the quest for
                  | the Orb.
     0 | D:1      | Reached XP level 1. HP: 13/13 MP: 3/3
    18 | D:1      | Reached skill level 1 in Transmutations
   315 | D:1      | Gained mutation: You may rarely emit foul miasma when
                  | damaged in melee. [demonic ancestry]
   315 | D:1      | Reached XP level 2. HP: 9/19 MP: 0/5
   771 | D:1      | Learned a level 2 spell: Poisonous Vapours
  1151 | D:1      | Reached skill level 4 in Poison Magic
  1198 | D:1      | Succumbed to an adder's poison

Illustrated notes

Levels and vault maps discovered:
D:1:      elethiomel_arrival_shortcut, layout_basic
D:2:      layout_rooms, corner_web_ring

Skill      XL: |  1  2 |
---------------+-------+-----
Transmutations | 1 |  1.0
Dodging        | 2 |  2.0
Poison Magic   | 4 |  4.0
Stealth        | |  1.7
Spellcasting   | |  2.0

Action                   || total
-------------------------++-------
Melee: Unarmed           ||    25
 Cast: Sting             ||    43
  Use: Potion            ||     2
Armor: Robe              ||    16
Dodge: Dodged            ||    38

Table legend: (Time is in decaauts)
 A = Elapsed time spent in this place.
 B = Non-inter-level travel time spent in this place.
 C = Inter-level travel time spent in this place.
 D = Time resting spent in this place.
 E = Time spent auto-exploring this place.
 F = Levels seen in this place.
 G = Mean time per level.
                   A        B        C        D        E       F      G
               +--------+--------+--------+--------+--------+-----+--------+
         Total |   1199 |   1117 |     82 |    133 |    764 |   2 |  599.5 |
       Dungeon |   1199 |   1117 |     82 |    133 |    764 |   2 |  599.5 |
               +--------+--------+--------+--------+--------+-----+--------+

Top non-repeatable levels by time:
     D:1: 1140 daAuts
     D:2: 59 daAuts
